 Dungeon Crawl Stone Soup version 0.17-a0-2118-g63bad21 (webtiles) character file.

1111 fredomojojo the Archer (level 8, -1/63 HPs)
             Began as a Centaur Hunter on Oct 20, 2015.
             Was a Follower of the Shining One.
             Slain by an iguana (9 damage)
             ... on level 5 of the Dungeon.
             The game lasted 01:39:33 (3604 turns).

fredomojojo the Archer (Centaur Hunter)             Turns: 3604, Time: 01:39:33

Health: -1/63      AC:  9    Str: 14    XL:     8   Next: 11%
Magic:  8/8        EV:  8    Int: 10    God:    the Shining One [*.....]
Gold:   128        SH:  0    Dex: 13    Spells: 0 memorised, 7 levels left

rFire  . . .     SeeInvis +     p - +6 mace (crush)
rCold  . . .     Clarity  .     q - +0 scale mail
rNeg   . . .     SustAt   .     (no shield)
rPois  .         Gourm    .     v - +0 helmet
rElec  .         Spirit   .     (no cloak)
rCorr  .         Warding  .     j - +1 pair of gloves
rMut   .         Stasis   .     (no barding)
MR     .....                    (no amulet)
Stlth  ..........               (no ring)
                                w - ring of see invisible

@: glowing, very quick, not resistant to hostile enchantments, extremely
unstealthy
A: hooves 3, deformed body, speed 2, tough skin 3
a: Renounce Religion


You were on level 5 of the Dungeon.
You worshipped the Shining One.
The Shining One was aware of your devotion.
You were not hungry.

You visited 1 branch of the dungeon, and saw 6 of its levels.

You collected 128 gold pieces.

Inventory:

Hand Weapons
 a - a +1 shortbow
 f - a +0 halberd
 g - a +0 rapier
 o - a +0 dire flail
 p - a +6 mace of crushing (weapon)
 u - a +0 trident
 y - a +0 spear
 z - a +1 mace of holy wrath
 D - a +0 long sword
Missiles
 b - 67 arrows (quivered)
 c - 18 poisoned needles
 h - 85 stones
 i - 12 bolts
 m - 12 steel sling bullets
 x - 48 sling bullets
 E - 7 bolts of frost
Armour
 d - a +0 leather armour
 j - a +1 pair of gloves (worn)
 q - a +0 scale mail (worn)
 v - a +0 helmet (worn)
Jewellery
 w - a ring of see invisible (left hand)
Wands
 C - a wand of paralysis (12)
Scrolls
 e - a scroll of identify
 r - 5 scrolls of remove curse
 B - 3 scrolls of enchant armour
Potions
 k - 2 potions of lignification
 l - 3 potions of curing
 n - a potion of poison
Books
 s - the Disquisition on Confrontation
   (You found it on level 4 of the Dungeon)

   Spells                             Type                      Level
   a - Sting                          Conjuration/Poison           1
   b - Conjure Flame                  Conjuration/Fire             3
   c - Mephitic Cloud                 Conjuration/Poison/Air       3
   d - Throw Icicle                   Conjuration/Ice              4
   e - Force Lance                    Conjuration/Translocation    4
   f - Bolt of Magma                  Conjuration/Fire/Earth       5
 t - a book of the Dragon

   Spells                             Type                      Level
   a - Flame Tongue                   Conjuration/Fire             1
   b - Cause Fear                     Hexes                        4
   c - Bolt of Fire                   Conjuration/Fire             6
   d - Dragon Form                    Transmutation                7
   e - Dragon's Call                  Summoning                    9
Comestibles
 A - a meat ration


   Skills:
 + Level 3.4 Fighting
 + Level 1.1 Short Blades
 * Level 3.1 Maces & Flails
 + Level 10.1 Bows
 + Level 2.1 Armour
 + Level 2.8 Dodging
 + Level 0.7 Stealth


You had 7 spell levels left.
You didn't know any spells.

Dungeon Overview and Level Annotations

Branches:
Dungeon (6/15)
 Temple: D:4-7

Altars:
Gozag
Kikubaaqudgha
Sif Muna
Trog
The Shining One


Innate Abilities, Weirdness & Mutations

You have hooves in place of feet.
Armour fits poorly on your strangely shaped body.
You cover ground very quickly.
You have extremely tough skin (AC +3).


Message History

Press: ? - help, Shift-Dir - straight line, f/p - iguana
Aim: an iguana You shoot an arrow.
The arrow hits the iguana.
The iguana is lightly wounded.
Firing (i - inventory. (,) - cycle):
b - 68 arrows (quivered)
Press: ? - help, Shift-Dir - straight line, f/p - iguana
Aim: an iguana (lightly wounded)
You shoot an arrow. The arrow barely misses the iguana.
Wield which item (- for none, * to show all)? (? for menu, Esc to quit)
p - a +6 mace of crushing (weapon)
You hit the iguana.
The iguana is moderately wounded.
The iguana bites you!
* * * LOW HITPOINT WARNING * * *
You hit the iguana. You kick the iguana, but do no damage.
The iguana is heavily wounded.
The iguana bites you!
* * * LOW HITPOINT WARNING * * *
The iguana bites you!
You die...

#...#+##'###.##.##...+.'.....#
#..........#.##+##...#.#.....#
#..........'.'.......#.#..####
##..........###########.##.#
....##'##'#......######.##.#
....'.....'......+......+..#
######'##.#......#'##.######
#.##'##'##.....#.##
.....+...#.@...'..+
......#...'.l...#'##
##..##.###'#.........
#..##.##..#(..........
...+..+. .(............# ##
#.. ..#.(..........# .♣ .
##...##'##+###..# .. #... ..#
+..# .P #.. #..


You could see an iguana.

Vanquished Creatures
  The ghost of kguciosek the Chucker, a novice OgHu of Makhleb (D:5)
  The ghost of altaj the Sneak, an amateur OpAs (D:3)
  A phantom (D:4)
  An ogre (D:4)
  Blork the orc (D:4)
  A scorpion (D:5)
  2 orc wizards (D:5)
  Jessica (D:3)
  Terence (D:3)
  3 worker ants
  A hound skeleton (D:5)
  Robin (D:4)
  A gnoll (D:1)
  4 adders
  An ooze (D:4)
  2 worms (D:4)
  An adder skeleton (D:4)
  A giant gecko (D:5)
  12 orcs
  7 bats
  3 giant cockroaches
  5 hobgoblins
  8 jackals
  8 kobolds
  A quokka (D:3)
  6 giant newts
  14 goblins
  A jackal skeleton (D:4)
  10 rats
100 creatures vanquished.

Notes
Turn   | Place    | Note
--------------------------------------------------------------
     0 | D:1      | fredomojojo the Centaur Hunter began the quest for the Orb.
     0 | D:1      | Reached XP level 1. HP: 17/17 MP: 1/1
    56 | D:1      | Reached XP level 2. HP: 15/24 MP: 2/2
    90 | D:1      | Reached skill level 6 in Bows
   245 | D:1      | Reached XP level 3. HP: 24/29 MP: 3/3
  1145 | D:3      | Noticed Terence
  1471 | D:3      | Reached XP level 4. HP: 36/36 MP: 4/4
  1518 | D:3      | Noticed altaj's ghost (amateur OpAs)
  1529 | D:3      | Reached skill level 7 in Bows
  1624 | D:3      | Killed Terence
  1779 | D:3      | Killed altaj's ghost
  1779 | D:3      | Reached skill level 1 in Armour
  1779 | D:3      | Reached XP level 5. HP: 28/42 MP: 5/5
  1994 | D:3      | Found an ancient bone altar of Kikubaaqudgha.
  2001 | D:3      | Found a glowing golden altar of the Shining One.
  2008 | D:3      | Found an opulent altar of Gozag.
  2018 | D:3      | Became a worshipper of the Shining One
  2104 | D:4      | Noticed Robin
  2227 | D:4      | Noticed Blork the orc
  2238 | D:4      | Killed Blork the orc
  2238 | D:4      | Reached skill level 1 in Short Blades
  2238 | D:4      | Reached skill level 8 in Bows
  2238 | D:4      | Reached XP level 6. HP: 42/50 MP: 6/6
  2291 | D:4      | Found a glowing drain.
  2296 | D:4      | Noticed an ogre
  2303 | D:4      | Killed an ogre
  2303 | D:4      | Reached skill level 1 in Maces & Flails
  2363 | D:4      | Identified the Disquisition on Confrontation
  2504 | D:4      | Noticed a phantom
  2519 | D:4      | Killed a phantom
  2519 | D:4      | Reached XP level 7. HP: 49/57 MP: 7/7
  2560 | D:4      | Killed Robin
  2852 | D:3      | Found a deep blue altar of Sif Muna.
  2858 | D:3      | Noticed Jessica
  2861 | D:3      | Killed Jessica
  2916 | D:5      | Entered Level 5 of the Dungeon
  2944 | D:4      | Noticed a moth of wrath
  2948 | D:4      | Found a bloodstained altar of Trog.
  3140 | D:4      | Reached * piety under the Shining One
  3318 | D:5      | Reached skill level 9 in Bows
  3448 | D:5      | Noticed kguciosek's ghost (novice OgHu)
  3466 | D:5      | Killed kguciosek's ghost
  3466 | D:5      | Reached skill level 10 in Bows
  3466 | D:5      | Reached XP level 8. HP: 3/63 MP: 8/8
  3466 | D:5      | HP: 1/63 [hound skeleton (3)]
  3477 | D:5      | HP: 1/63 [hound skeleton (1)]
  3604 | D:5      | Slain by an iguana

Vault maps used:
D:1:      tarquinn_simple_flora_water_c
D:3:      grunt_temple_overflow_diamond, first_bread, small_statue_intersection,
          led_sif_pool, uniq_jessica, uniq_terence
D:4:      tgw_trog, gup_sewer_entry_glass, uniq_blork_the_orc, uniq_robin
D:5:      kennysheep_mini_moat, minmay_temple_entry_statues_pillars,
          uniq_crazy_yiuf_cottage
D:6:      grunt_temple_overflow_lords_of_destruction, overflow_temple_1_default,
          nicolae_overflow_crystal_walls, nemelex_deck, bloody_makhleb

Action                   |  1- 3 |  4- 6 |  7- 9 || total
-------------------------+-------+-------+-------++-------
Melee: Halberd           |    22 |       |       ||    22
       Short sword       |    12 |       |       ||    12
       Rapier            |    16 |    22 |       ||    38
       Mace              |       |    42 |    54 ||    96
 Fire: Shortbow          |    76 |    74 |    40 ||   190
Throw: Stone             |       |     7 |       ||     7
  Use: Scroll            |     5 |     3 |     2 ||    10
       Potion            |     4 |     1 |     2 ||     7
  Eat: Bread ration      |     1 |       |     1 ||     2
